[Event "Solidarity Match Ukraine-France 2022"]
[Site "Tornelo"]
[Date "2022.05.14"]
[Round "2.4"]
[White "Petrovskyi, Vadym"]
[Black "Riff, Vincent"]
[Result "1-0"]
[ECO "B51"]
[WhiteElo "2330"]
[BlackElo "2397"]
[Annotator "TA"]
[PlyCount "71"]
[EventDate "2022.05.13"]
[EventType "team-tourn"]
[EventCountry "NET"]
[SourceTitle "playchess.com"]
[Source "ChessBase"]
[SourceQuality "1"]
[WhiteTeam "Ukraine"]
[BlackTeam "France"]
[WhiteTeamCountry "UKR"]
[BlackTeamCountry "FRA"]
[TimeControl "900+10"]

1. e4 c5 2. Nf3 Nc6 3. Bb5 d6 4. O-O Bd7 5. Re1 Nf6 6. c3 a6 7. Bf1 Bg4 8. d4 e5 {[%emt 0:00:16] B51: Sicilian: Moscow Variation (3 Bb5+) without 3...Bd7.} (8... cxd4 $11 9. cxd4 d5) 9. d5 $16 Nb8 {[%emt 0:00:04] [#]} 10. c4 $146 ({Predecessor:} 10. Nbd2 Nbd7 11. a4 Bh5 12. a5 Be7 13. Nc4 O-O 14. h3 h6 15. Bd3 Nh7 16. g4 {0-1 (46) Kovacevic,A (2497)-Bogosavljevic,B (2513) Stara Planina 2021}) 10... Be7 {[%emt 0:00:04] White is better.} 11. Nc3 Nbd7 12. Be2 O-O 13. Nd2 Bxe2 14. Qxe2 Ne8 15. Nf3 Nc7 16. b3 Nf6 17. Nd1 b5 18. Qc2 a5 19. Rb1 Qd7 20. Ne3 g6 21. cxb5 Nxb5 22. Nc4 Rfb8 {[%emt 0:00:19] Prevents Nb6.} (22... Nd4 $2 23. Nxd4 exd4 24. Nb6 $18) 23. Bd2 Nh5 {[%emt 0:00:10] [#]} (23... Qc7 $14) 24. a4 $1 {[%emt 0:00:05] White is more active.} ({But not} 24. Bxa5 $6 Nf4 $14) 24... Nd4 25. Nxd4 cxd4 26. Nxa5 ({Weaker is} 26. Bxa5 Nf4 $16) 26... f5 27. Nc6 Rf8 28. Bh6 fxe4 (28... Rf7 $142 29. f4 d3 30. Qxd3 fxe4 31. Rxe4 Nf6 32. fxe5 dxe5) 29. Bxf8 $18 Rxf8 30. Qxe4 ({Not} 30. Rxe4 Kh8 31. b4 Nf6 $18) 30... Rf4 31. Qe2 {[%emt 0:00:07] White is clearly winning.} Bf8 (31... Rf7 $142 32. a5 Nf4) 32. a5 Rg4 {[%emt 0:00:13][%cal Og4g2] [#] Threatens to win with ...Rxg2+!} 33. g3 Nf4 34. Qf1 Nxd5 35. Qc4 Qe6 36. Nd8 {[%emt 0:00:11] Weighted Error Value: White=0.05 (flawless) /Black=0.36} 1-0